Map: Ulrena

Players

Bakemonoda - Winner!

  • Race: Terran Terran
  • League: Master

Zizou

  • Race: Protoss Protoss
  • League: Master

VOD

https://www.youtube.com/watch?v=DGAUtlqrZBE&feature=youtu.be

Description

TVP aggressive 111 MCB

Time

  • Played on: Dec. 21, 2015, 3:50 a.m.
  • Length: 12:03
Show
View Real Time Build Order
Export as new Build Order

Bakemonoda Terran - Winner!

Build Orders: 1/1/1, Cyclone Opening 

Get SALT Encoding   

  12  0:01  SCV  
  13  0:13  SCV  
  14  0:17  Supply Depot  
  14  0:25  SCV  
  15  0:29  Refinery  
  15  0:41  Barracks  
  15  0:45  SCV  
  16  0:54  Refinery  
  16  0:57  SCV  
  17  1:09  SCV  
  18  1:21  SCV  
  19  1:31  Barracks Tech Lab, Factory  
  19  1:40  Orbital Command  
  19  1:50  Marauder  
  21  1:58  Supply Depot  
  21  2:06  SCV  
  22  2:17  Starport  
  22  2:26  Cyclone  
  25  2:32  SCV  
  25  2:36  Supply Depot  
  26  2:44  SCV  
  27  2:56  SCV  
  28  3:07  Banshee, Cloaking Field  
  28  3:08  SCV  
  32  3:23  Widow Mine  
  34  3:36  Supply Depot  
  34  3:41  Command Center  
  34  3:50  Barracks Reactor  
  34  3:57  Factory Reactor  
  32  4:11  SCV  
  32  4:12  Raven  
  35  4:27  SCV  
  35  4:28  Command Center  
  36  4:41  Widow Mine x2, Marine x2  
  42  4:55  Orbital Command  
  42  4:57  SCV  
  43  5:11  Viking x2  
  47  5:24  Marine  
  47  5:26  Stimpack  
  47  5:28  Widow Mine x2  
  48  5:30  SCV x2  
  54  5:40  Liberator  
  54  5:44  Marine  
  54  5:45  Orbital Command  
  54  5:48  SCV x2  
  57  5:51  Refinery  
  57  5:52  Refinery  
  60  6:09  Marauder  
  60  6:10  Widow Mine  
  60  6:11  Widow Mine  
  64  6:15  Barracks  
  64  6:16  SCV, Barracks  
  64  6:17  SCV  
  68  6:19  Barracks  
  68  6:20  Barracks  
  68  6:24  SCV  
  69  6:32  Marauder  
  71  6:36  Liberator  
  71  6:37  Liberator  
  75  6:56  SCV x2  
  75  7:00  Factory Reactor  
  77  7:03  Supply Depot  
  77  7:04  Supply Depot  
  77  7:08  Supply Depot  
  77  7:10  Barracks Tech Lab  
  77  7:15  Engineering Bay  
  77  7:16  SCV x2  
  77  7:17  Engineering Bay  
  77  7:20  SCV  
  76  7:24  Marine  
  76  7:25  Marauder, Marine x3  
  76  7:29  SCV x2  
  84  7:32  SCV  
  85  7:41  SCV  
  86  7:46  Marauder, Marine x4  
  86  7:47  Marauder  
  86  7:48  Widow Mine  
  86  7:49  Widow Mine  
  98  7:53  Medivac  
  100  8:09  Orbital Command  
  100  8:11  Supply Depot  
  100  8:14  Supply Depot  
  100  8:15  Medivac  
  100  8:19  Liberator  
  90  8:21  Marine x4  
  90  8:22  Marauder x2  
  90  8:38  SCV x3, Marine  
  97  8:50  SCV x3  
  100  9:02  SCV  
  98  9:11  Marauder, Marine x4  
  98  9:12  Marauder  
  106  9:18  Terran Infantry Weapons Level 1, Terran Infantry Armor Level 1  
  106  9:21  Supply Depot  
  106  9:22  Armory, Barracks  
  106  9:23  SCV x2, Barracks  
  106  9:24  SCV  
  109  9:25  Liberator x2  
  109  9:27  Barracks  
  109  9:33  Supply Depot  
  109  9:34  Supply Depot  
  109  9:36  Supply Depot  
  109  9:42  Widow Mine  
  117  9:54  Marine x2, Widow Mine  
  117  9:55  Marauder x2  
  117  9:56  Marine  
  120  10:16  Marine  
  120  10:17  Marauder, Marine  
  124  10:20  Marine  
  124  10:21  Marine x5  
  124  10:34  Marine x2  
  124  10:38  Marauder, Marine  
  124  10:49  Marine x4  
  124  10:50  Marauder  
Show
View Real Time Build Order
Export as new Build Order

Zizou Protoss 

Build Orders: 1 Gate Expand 

Get SALT Encoding   

  12  0:01  Probe (Chrono Boost)  
  13  0:11  Probe (Chrono Boost)  
  14  0:21  Pylon  
  14  0:24  Probe (Chrono Boost)  
  15  0:39  Gateway  
  15  0:40  Probe (Chrono Boost)  
  16  0:50  Probe (Chrono Boost)  
  16  0:51  Assimilator  
  17  1:01  Probe (Chrono Boost)  
  19  1:11  Probe (Chrono Boost)  
  19  1:22  Probe (Chrono Boost)  
  20  1:32  Nexus  
  20  1:38  Cybernetics Core  
  21  1:40  Probe (Chrono Boost)  
  21  1:49  Pylon  
  21  1:51  Probe (Chrono Boost)  
  22  1:56  Assimilator  
  22  2:02  Probe (Chrono Boost)  
  25  2:16  Mothership Core (Chrono Boost), Adept  
  27  2:23  Warp Gate (Chrono Boost)  
  27  2:34  Probe (Chrono Boost)  
  28  2:41  Pylon  
  28  2:45  Probe  
  28  2:51  Probe  
  29  2:57  Probe  
  31  3:00  Stargate  
  31  3:01  Probe  
  32  3:09  Probe  
  33  3:15  Probe  
  32  3:25  Probe  
  32  3:26  Probe, Robotics Facility  
  33  3:27  Stalker  
  33  3:32  Assimilator  
  36  3:36  Probe  
  36  3:37  Probe  
  38  3:49  Void Ray (Chrono Boost)  
  38  3:50  Pylon  
  42  4:08  Probe  
  42  4:10  Probe  
  45  4:21  Observer  
  43  4:27  Phoenix (Chrono Boost)  
  45  4:34  Stalker  
  46  4:54  Observer (Chrono Boost)  
  47  5:02  Stalker  
  49  5:11  Gateway  
  49  5:12  Probe  
  49  5:13  Probe  
  49  5:14  Pylon  
  51  5:18  Pylon  
  51  5:23  Phoenix  
  53  5:32  Immortal (Chrono Boost)  
  57  5:45  Gateway  
  57  5:47  Gateway  
  57  5:49  Gateway  
  57  5:52  Gateway  
  57  5:56  Probe  
  57  5:58  Probe  
  57  6:00  Pylon  
  57  6:03  Assimilator  
  59  6:07  Probe, Immortal (Chrono Boost)  
  59  6:10  Probe  
  65  6:11  Sentry x2  
  65  6:17  Probe  
  69  6:22  Probe  
  71  6:31  Probe  
  71  6:34  Probe  
  71  6:41  Warp Prism (Chrono Boost)  
  71  6:42  Probe  
  74  6:52  Zealot x2  
  78  7:04  Pylon x2  
  78  7:06  Pylon  
  78  7:07  Pylon  
  78  7:10  Pylon  
  76  7:23  Zealot x4  
  76  7:24  Stalker x2  
  83  8:00  Zealot x5  
  83  8:01  Zealot  
  95  8:10  Observer (Chrono Boost)  
  55  8:31  Probe  
  55  8:32  Probe  
  55  8:40  Nexus  
  55  8:41  Probe  
  55  8:42  Pylon  
  55  8:44  Probe  
  53  8:58  Immortal (Chrono Boost)  
  57  9:06  Zealot x4  
  57  9:07  Zealot x2  
  65  9:11  Twilight Council  
  65  9:14  Pylon  
  65  9:16  Void Ray  
  69  9:22  Probe  
  69  9:23  Probe  
  71  9:32  Stalker x5, Probe  
  71  9:33  Stalker  
  71  9:35  Probe  
  85  9:49  Fleet Beacon  
Tags
 
Add a new tag
Caveats
  • Supply blocks, unpowered buildings, or Contaminate may cause inaccurate times.
  • Supply counts are checked every 10 seconds.